 Dungeon Crawl Stone Soup version 0.28-a0-643-g84cb2ea78e (webtiles) character file.

Game seed: 7787741344650286197

112 KoroneIsBestGirl the Chiller (level 4, -2/30 HPs)
             Began as a Barachi Ice Elementalist on Oct 11, 2021.
             Slain by a phantom (4 damage)
             ... on level 3 of the Dungeon.
             The game lasted 00:03:42 (2885 turns).

KoroneIsBestGirl the Chiller (BaIE)                 Turns: 2885, Time: 00:03:43

Health: -2/30      AC:  3    Str:  9    XL:     4   Next: 95%
Magic:  8/9        EV: 13    Int: 17    God:
Gold:   100        SH:  0    Dex: 12    Spells: 5/9 levels left

rFire   . . .      SeeInvis .   b - +0 falchion
rCold   . . .      Faith    .   (no shield)
rNeg    . . .      Spirit   .   a - +0 robe
rPois   .          Reflect  .   (no helmet)
rElec   .          Harm     .   (no cloak)
rCorr   .          Rampage  .   (no gloves)
Will    .....                   k - +0 pair of boots
Stlth   ++........              (no amulet)
HPRegen 0.10/turn               (no ring)
MPRegen 0.11/turn               (no ring)

@: mighty, flying, slow
A: amphibious, slowness 1, strong legs 1, +LOS
a: Hop


You were on level 3 of the Dungeon.
You visited 1 branch of the dungeon, and saw 3 of its levels.

You collected 100 gold pieces.

Inventory:

Hand Weapons
 b - a +0 falchion (weapon)
Armour
 a - a +0 robe (worn)
 k - a +0 pair of boots (worn)
Jewellery
 c - a ring of resist corrosion
Scrolls
 e - a scroll of enchant weapon {unknown}
 g - a scroll of teleportation {unknown}
 h - a scroll of identify {unknown}
Potions
 d - a potion of flight
 i - a potion of berserk rage {unknown}
 j - a potion of curing {unknown}
 l - a potion of heal wounds {unknown}


   Skills:
 + Level 3.5 Dodging
 - Level 1.7 Stealth
 + Level 3.4 Spellcasting
 + Level 5.7 Ice Magic


You had 5 spell levels left.
You knew the following spells:

 Your Spells              Type           Power      Damage    Failure   Level
a - Freeze                Ice            88%        1d10      1%          1
b - Frozen Ramparts       Ice            44%        1d6       4%          3

Your spell library contained the following spells:

 Spells                   Type           Power      Damage    Failure   Level
 Ozocubu's Armour         Ice            22%        N/A       4%          3
 Hailstorm                Conj/Ice       12%        3d5       45%         4
 Animate Dead             Necr           1%         N/A       86%         4
 Borgnjor's Vile Clutch   Necr/Erth      1%         N/A       99%         5
 Death Channel            Necr           1%         N/A       100%        6


Dungeon Overview and Level Annotations

Branches:
Dungeon (3/15)

Altars:

Shops:
D:2 [


Innate Abilities, Weirdness & Mutations

You are amphibious.
You cover ground slowly.
You can hop short distances.
You have an extended range of vision and can be seen from far away.


Message History

The phantom hits you.
You hit the phantom.
The phantom is moderately damaged.
The phantom barely misses you.
Unknown command.
It was a potion of flight.
You feel very buoyant.
You fly up into the air.
The phantom barely misses you.
It was a potion of might.
You feel very mighty all of a sudden. The phantom barely misses you.
Okay, then.
You closely miss the phantom.
The phantom is moderately damaged.
The phantom misses you.
You closely miss the phantom.
The phantom is moderately damaged.
The phantom closely misses you. The phantom barely misses you.
You hit the phantom.
The phantom is heavily damaged.
The phantom hits you.
The phantom blinks!
You blink.
You completely miss the phantom.
The phantom is heavily damaged.
The phantom hits you.
* * * LOW HITPOINT WARNING * * *
The phantom hits you but does no damage.
You closely miss the phantom.
The phantom is heavily damaged.
The phantom hits you but does no damage.
You barely miss the phantom.
The phantom is heavily damaged.
The phantom closely misses you.
You closely miss the phantom.
The phantom is heavily damaged.
The phantom hits you.
* * * LOW HITPOINT WARNING * * *
You hit the phantom.
The phantom is severely damaged.
The phantom hits you.
You die...

###### #....# ######### #....#
#...#...# #....###...#.#.. #####
####...##.......#.. ......
#.......#.......... .....
#######.#####.#..######..
.....##......)@W...............
...........#†########.######.#
##........#.# #....# #..
#....(W....# #.#### ####
...##........#######.########...
................................
.............##....##....####...
.............##....##.....†...#.
.............##....##.........##


You could see a phantom.

Vanquished Creatures
  2 adders
  4 gnolls
  A worm (D:3)
  2 dart slugs (D:1)
  4 orcs (D:3)
  4 bats
  2 endoplasms
  2 giant cockroaches
  5 goblins
  5 hobgoblins
  2 quokkas (D:1)
  5 ball pythons
  A frilled lizard (D:3)
  4 kobolds
  5 rats
48 creatures vanquished.

Notes
Turn   | Place    | Note
-------+----------+-------------------------------------------
     0 | D:1      | KoroneIsBestGirl the Barachi Ice Elementalist began the
                  | quest for the Orb.
     0 | D:1      | Reached XP level 1. HP: 13/13 MP: 3/3
   256 | D:1      | Reached skill level 5 in Ice Magic
   257 | D:1      | Reached XP level 2. HP: 17/19 MP: 1/5
   917 | D:1      | Reached XP level 3. HP: 21/24 MP: 4/7
  1515 | D:2      | Found Noupa's Armour Emporium.
  1632 | D:2      | Reached XP level 4. HP: 24/30 MP: 2/8
  2382 | D:3      | Learned a level 3 spell: Frozen Ramparts
  2854 | D:3      | Noticed a phantom
  2885 | D:3      | Slain by a phantom

Illustrated notes

Levels and vault maps discovered:
D:1:      lemuel_arrival_rhombus, layout_basic, hangedman_decor_points
D:2:      layout_basic, serial_shops, nicolae_shop_trees
D:3:      layout_basic, mainiacjoe_overflow_catwalk,
          nicolae_overflow_hidden_temple

Skill      XL: |  1  2  3 |
---------------+----------+-----
Ice Magic      | 5 |  5.7
Dodging        | 3 |  3.5
Spellcasting   | 3 |  3.4
Stealth        | |  1.7

Action                   |  1- 3 |  4- 6 || total
-------------------------+-------+-------++-------
Melee: Falchion          |    13 |    24 ||    37
 Cast: Freeze            |    34 |    25 ||    59
       Frozen Ramparts   |       |     2 ||     2
  Use: Potion            |       |     2 ||     2
Armor: Robe              |     9 |    15 ||    24
Dodge: Dodged            |    27 |    35 ||    62

Table legend: (Time is in decaauts)
 A = Elapsed time spent in this place.
 B = Non-inter-level travel time spent in this place.
 C = Inter-level travel time spent in this place.
 D = Time resting spent in this place.
 E = Time spent auto-exploring this place.
 F = Levels seen in this place.
 G = Mean time per level.
                   A        B        C        D        E       F      G
               +--------+--------+--------+--------+--------+-----+--------+
         Total |   3177 |   3076 |    101 |    550 |   2167 |   3 | 1059.0 |
       Dungeon |   3177 |   3076 |    101 |    550 |   2167 |   3 | 1059.0 |
               +--------+--------+--------+--------+--------+-----+--------+

Top non-repeatable levels by time:
     D:1: 1618 daAuts
     D:2: 883 daAuts
     D:3: 675 daAuts
